AoeStats
← Clay001

Nomad

508659090Analyzed
2v2 RM · 9d ago on Sep 23, 2026· 35m 27s· 4 players
Game mode
Random Map
Map size
176×176
Population
200
Speed
Normal
Resources
Standard
Victory
Conquest
Starting age
Dark Age
Ending age
Imperial Age
RankedLock teamsTeams togetherTeam positionsShared explorationLock speedFull tech treeHidden civsTurbo modeCheats
Victory
Defeat
🇩🇪 Khmer · Germany
1275
+9
🇦🇷 Mongols · Argentina
1195
+13
🇨🇳 Italians · China
1122
-11
🇨🇳 Shu · China
1121
-11
lenhhoxung
4:30 Loom
12:30 Feudal Age
17:11 Castle Age
16:32 Scale Barding Armor
16:56 Bloodlines
16:33 Fishing Lines
17:25 Horse Collar
19:19 Husbandry
19:24 Town Watch
20:19 Forging
23:04 Chain Barding Armor
24:47 Iron Casting
24:13 Double-Bit Axe
28:01 Bow Saw
28:30 Wheelbarrow
35:40 Imperial Age
33:53 Gold Mining
35:16 Hand Cart
3st
5:18 Loom
14:08 Feudal Age
17:21 Castle Age
24:27 Double-Bit Axe
26:27 Bow Saw
31:31 Wheelbarrow
Rubi2007
3:38 Loom
13:55 Feudal Age
15:24 Double-Bit Axe
16:28 Gold Mining
19:49 Castle Age
17:48 Fletching
19:33 Stone Mining
19:56 Crossbowman
20:27 Horse Collar
20:31 Fishing Lines
26:17 Wheelbarrow
30:35 Bow Saw
Clay001
4:32 Loom
5:36 Loom
13:08 Feudal Age
18:41 Castle Age
17:11 Fletching
17:35 Double-Bit Axe
18:10 Stone Mining
20:12 Pikeman
25:57 Bodkin Arrow
26:49 Padded Archer Armor
32:49 Scale Mail Armor
Connection lost

Rejoining the realm…

Still unreachable

The connection could not be restored.

Session expired

The server has moved on; the page needs a fresh start.